 Dungeon Crawl Stone Soup version 0.30-a0-1043-g60ff8d5f49 (webtiles) character file.

Game seed: 7636153117462331960

93 GigaChad the Shield-Bearer (level 4, -8/37 HPs)
             Began as a Formicid Fighter on Apr 11, 2023.
             Mangled by a black bear (10 damage)
             ... on level 4 of the Dungeon.
             The game lasted 00:02:59 (2029 turns).

GigaChad the Shield-Bearer (Formicid Fighter)       Turns: 2029, Time: 00:03:00

Health: -8/37      AC: 11    Str: 28    XL:     4   Next: 92%
Magic:  4/4        EV:  7    Int:  8    God:
Gold:   152        SH:  5    Dex: 13    Spells: 3/3 levels left

rFire   . . .      SeeInvis +    a - +1 war axe
rCold   . . .      Faith    .    c - +0 buckler
rNeg    . . .      Spirit   .    i - +0 plate armour
rPois   .          Reflect  .    (helmet unavailable)
rElec   .          Rampage  .    (no cloak)
rCorr   .                        (no gloves)
Will    .....                    (no boots) Stlth
                                 (no amulet)
HPRegen 0.26/turn                k - +6 ring of strength
MPRegen 0.09/turn                (no ring)

@: no status effects
A: permanent stasis, dig shafts and tunnels, antennae 3, four strong arms
a: Dig, Shaft Self


You were on level 4 of the Dungeon.
You visited 1 branch of the dungeon, and saw 4 of its levels.

You collected 152 gold pieces.

Inventory:

Hand Weapons
 a - a +1 war axe (weapon)
Armour
 b - a +0 scale mail
 c - a +0 buckler (worn)
 i - a +0 plate armour (worn)
Jewellery
 k - a +6 ring of strength (left hand)
Scrolls
 f - 2 scrolls of identify
 g - 3 scrolls of teleportation
 l - a scroll of blinking
 m - a scroll of fog {unknown}
Potions
 d - a potion of might
 e - 4 potions of curing {unknown}
 h - a potion of invisibility {unknown}
 j - a potion of lignification {unknown}
 n - a potion of brilliance {unknown}


   Skills:
 + Level 3.9 Fighting
 + Level 3.2 Axes
 + Level 4.2 Armour
 + Level 4.4 Shields


You had 3 spell levels left.
You didn't know any spells.
Your spell library contained the following spells:

 Spells                   Type           Power      Damage    Failure   Level
 Gell's Gravitas          Tloc           0%         N/A       100%        3
 Ozocubu's Armour         Ice            0%         N/A       100%        3
 Teleport Other           Tloc           0%         N/A       100%        3
 Metabolic Englaciation   Hex/Ice        0%         N/A       100%        5
 Dispersal                Tloc           0%         N/A       100%        6
 Simulacrum               Ice/Necr       0%         N/A       100%        6


Dungeon Overview and Level Annotations

Branches:
Dungeon (4/15)
 Temple: D:4-7

Altars:
Sif Muna


Innate Abilities, Weirdness & Mutations

You cannot be hasted, slowed, berserked, paralysed or teleported.
You can dig through walls and to a lower floor.
You have a pair of large antennae on your head. (SInv)
Your four strong arms can wield two-handed weapons with a shield.


Message History

The black bear claws you but does no damage.
You hit the black bear.
The black bear is almost dead.
The black bear bites you.
The black bear claws you but does no damage.
You block the black bear's attack. The black bear bites you.
The black bear completely misses you. The black bear barely misses you.
You barely miss the black bear.
The black bear is almost dead.
You block the black bear's attack.
The black bear claws you but does no damage.
You block the black bear's attack.
The black bear bites you but does no damage.
The black bear claws you but does no damage. x2
You closely miss the black bear.
The black bear is almost dead.
The black bear bites you but does no damage.
The black bear claws you but does no damage.
The black bear claws you. You block the black bear's attack.
The black bear claws you but does no damage.
The black bear claws you.
You barely miss the black bear.
The black bear is almost dead.
The black bear completely misses you. The black bear claws you.
The black bear claws you but does no damage.
The black bear closely misses you. You block the black bear's attack. x2
You barely miss the black bear.
The black bear is almost dead.
The black bear bites you.
* * * LOW HITPOINT WARNING * * *
The black bear claws you.
* * * LOW HITPOINT WARNING * * *
You block the black bear's attack. The black bear barely misses you.
The black bear claws you but does no damage. x2
You barely miss the black bear.
The black bear is almost dead.
The black bear bites you but does no damage.
The black bear claws you but does no damage.
You block the black bear's attack. The black bear bites you!
You die...

#.## #.#.......#..##.##
... #.#.......#.###.#
#.##.##.#.......#.###.#
........^..._..[#.<...#
#...<...#.......#.#####
####.##.#.......#.#
#####.##.#.......#.#
.........####^####.#
#####.......@h.....#
#####.#.##.....# #...#
#.#.# ###.# .. #.# #
#.. ####


You could see a black bear (berserk).

Vanquished Creatures
  A hound (D:3)
  An adder (D:3)
  A dart slug (D:3)
  2 orcs (D:3)
  5 bats
  6 endoplasms
  A giant cockroach (D:3)
  2 goblins
  4 hobgoblins
  3 jackals (D:1)
  6 kobolds
  A quokka (D:2)
  7 ball pythons
  4 rats
44 creatures vanquished.

Notes
Turn   | Place    | Note
-------+----------+-------------------------------------------
     0 | D:1      | GigaChad the Formicid Fighter began the quest for the Orb.
     0 | D:1      | Reached XP level 1. HP: 18/18 MP: 1/1
   436 | D:1      | Reached XP level 2. HP: 24/24 MP: 2/2
   674 | D:2      | Reached XP level 3. HP: 30/30 MP: 3/3
  1141 | D:3      | Found a faded altar of an unknown god.
  1439 | D:3      | Reached XP level 4. HP: 37/37 MP: 4/4
  1993 | D:4      | Found a shimmering blue altar of Sif Muna.
  2016 | D:4      | Noticed a black bear
  2029 | D:4      | Mangled by a black bear

Illustrated notes

Levels and vault maps discovered:
D:1:      erik_arrival_blinker_ship, layout_basic
D:2:      layout_rooms, hangedman_feature_mirror
D:3:      wad_river_or_something, layout_basic,
          shapermc_ecumenical_altar_mp_vishouse, hangedman_abyss_or_decor_stabs,
          nicolae_underground_beach
D:4:      layout_loops_ring, mainiacjoe_overflow_chevrons,
          nicolae_overflow_crystal_walls, lemuel_tele_altar,
          minmay_temple_entry_crystal_x

Skill      XL: |  1  2  3 |
---------------+----------+-----
Armour         | 4 |  4.2
Axes           | 3 |  3.2
Fighting       | |  3.9
Shields        | |  4.4

Action                     |  1- 3 |  4- 6 || total
---------------------------+-------+-------++-------
  Melee: War axe           |    92 |    22 ||   114
    Use: Scroll            |     6 |       ||     6
 Armour: Scale mail        |    21 |       ||    21
         Plate armour      |    41 |    27 ||    68
  Dodge: Dodged            |    44 |    12 ||    56
  Block: Buckler           |    29 |    11 ||    40

Table legend: (Time is in decaauts)
 A = Elapsed time spent in this place.
 B = Non-inter-level travel time spent in this place.
 C = Inter-level travel time spent in this place.
 D = Time resting spent in this place.
 E = Time spent auto-exploring this place.
 F = Levels seen in this place.
 G = Mean time per level.
                   A        B        C        D        E       F      G
               +--------+--------+--------+--------+--------+-----+--------+
         Total |   2077 |   2027 |     50 |     47 |   1589 |   4 |  519.2 |
       Dungeon |   2077 |   2027 |     50 |     47 |   1589 |   4 |  519.2 |
               +--------+--------+--------+--------+--------+-----+--------+

Top non-repeatable levels by time:
     D:3: 983 daAuts
     D:1: 558 daAuts
     D:2: 459 daAuts
     D:4: 76 daAuts
